 Dungeon Crawl Stone Soup version 0.27.1-2-g3b301248ec (webtiles) character file.

Game seed: 13453104323004543523

466 vvl the Changer (level 6, 0/76 HPs)
             Began as a Draconian Transmuter on Sept 27, 2021.
             Was an Initiate of Makhleb.
             Slain by Blork the orc (9 damage)
             ... on level 4 of the Dungeon.
             The game lasted 00:08:53 (4521 turns).

vvl the Changer (Draconian Transmuter)              Turns: 4521, Time: 00:08:54

Health: 0/76       AC: 23    Str: 15    XL:     6   Next: 81%
Magic:  10/10      EV:  2    Int: 13    God:    Makhleb [......]
Gold:   173        SH:  0    Dex: 11    Spells: 10/11 levels left

rFire    . . .     SeeInvis .   t - +2 spear (vamp)
rCold    . . .     Faith    .   (no shield)
rNeg     + + +     Spirit   .   (armour unavailable)
rPois    +         Reflect  .   (helmet currently unavailable)
rElec    .         Harm     .   (cloak currently unavailable)
rCorr    .         Rampage  .   (gloves currently unavailable)
Will     .....     NoTele   +   (boots currently unavailable)
Stlth    +.........             (no amulet)
HPRegen  0.22/turn              (no ring)
MPRegen  0.12/turn              (no ring)

@: tree-form
A: stationary, stasis, torment immunity, boosted hp, AC +6, unfitting armour,
(cold-blooded)
a: Renounce Religion


You were on level 4 of the Dungeon.
You worshipped Makhleb.
Makhleb was noncommittal.
You were a tree.
You visited 2 branches of the dungeon, and saw 5 of its levels.

You collected 173 gold pieces.

Inventory:

Hand Weapons
 t - a +2 vampiric spear (weapon)
Missiles
 m - 2 throwing nets
Jewellery
 p - a ring of ice
 q - a ring of magical power
Scrolls
 a - a scroll of identify {unknown}
 f - 2 scrolls of teleportation
 g - a scroll of blinking {unknown}
 h - a scroll of enchant armour {unknown}
 k - a scroll of torment
 l - a scroll of magic mapping {unknown}
 r - a scroll of vulnerability {unknown}
Potions
 c - a potion of haste {unknown}
 d - 2 potions of mutation {unknown}
 e - a potion of curing
 i - a potion of lignification
 j - 2 potions of brilliance {unknown}
 n - a potion of attraction {unknown}
 o - a potion of flight {unknown}
 s - a potion of resistance {unknown}


   Skills:
 + Level 3.1 Fighting
 + Level 3.1 Dodging
 + Level 4.2 Unarmed Combat
 + Level 3.1 Spellcasting
 * Level 4.5 Transmutations


You had 10 spell levels left.
You knew the following spells:

 Your Spells              Type           Power      Damage    Failure   Level
a - Beastly Appendage     Tmut           26%        N/A       3%          1

Your spell library contained the following spells:

 Spells                   Type           Power      Damage    Failure   Level
 Wereblood                Tmut           13%        N/A       5%          2
 Spider Form              Tmut/Pois      3%         N/A       26%         3
 Gell's Gravitas          Tloc           1%         N/A       56%         3
 Teleport Other           Tloc           2%         N/A       56%         3
 Ice Form                 Ice/Tmut       7%         N/A       65%         4
 Dispersal                Tloc           1%         N/A       100%        6


Dungeon Overview and Level Annotations

Branches:
Dungeon (4/15)             Temple (1/1) D:4

Altars:
Ashenzari
Dithmenos
Fedhas
Hepliaklqana
Makhleb
Nemelex Xobeh
Okawaru
Ru
Trog
Uskayaw
Vehumet
Xom
Yredelemnul
The Shining One

Annotations:
D:4 Blork the orc


Innate Abilities, Weirdness & Mutations

You are a tree.
Your roots penetrate the ground, keeping you stationary.
You cannot be teleported.
You are immune to unholy pain and torment.
Your maximum health is greatly increased.
Your equipment is partially melded.
((Your plain brown scales are hard. (AC +6)))
You cannot fit into any form of body armour.
((You are cold-blooded and may be slowed by cold attacks.))


Message History

You grow a pair of large bovine horns.
Your feet morph into talons.
The adder hisses angrily.
Blork the orc casts a spell at you. The puff of frost misses you.
Blork the orc screams, "I'll cover the dungeon with your blood!"
You completely miss the adder. You headbutt the adder.
Your tail-slap misses the adder.
The adder is heavily wounded.
The adder bites you but does no damage.
Blork the orc hits you from afar with a +2 glaive of venom.
You are poisoned.
The adder bites you but does no damage.
You closely miss the adder. Your kick misses the adder.
The adder is heavily wounded.
You feel very sick. The adder closely misses you.
Blork the orc hits you from afar with a +2 glaive of venom!
You are more poisoned.
You closely miss the adder. Your kick misses the adder.
Your headbutt misses the adder.
The adder is heavily wounded.
You feel very sick. The adder bites you.
Blork the orc hits you from afar with a +2 glaive of venom!
You are more poisoned.
The adder misses you.
* * * LOW HITPOINT WARNING * * *
You feel extremely sick.
It was a potion of lignification.
Your horns disappear.
Your talons disappear.
You turn into a tree.
Your roots penetrate the ground.
* * * LOW HITPOINT WARNING * * *
You feel extremely sick. The adder bites you but does no damage.
Blork the orc hits you but does no damage.
You are more poisoned.
It was a potion of curing.
You feel better. The adder bites you.
* * * LOW HITPOINT WARNING * * *
Blork the orc hits you from afar with a +2 glaive of venom!
You die...

##########
.........######
..............#
...>..........#
..............#
......o.......##$
.................
.......S♣.....#
..............#
..........#...#
## #.......#.#
..# .#
#.#...#.#.# ## .#
#.#.#.#.#.# .##
#.#.#.#.#.#.# ..#
# #.#...#.#.#.# .
..#
#.#.......#.#.#
.#


You could see Blork the orc and an adder.

Vanquished Creatures
  A black bear (D:2)
  A centaur (D:4)
  A bullfrog zombie (D:4)
  A jelly (D:3)
  A hound (D:4)
  A centaur skeleton (D:4)
  An orc wizard (D:3)
  A hound skeleton (D:4)
  4 gnolls (D:3)
  2 adders
  2 adder skeletons (D:4)
  A worm (D:2)
  3 dart slugs
  8 orcs
  5 bats
  9 endoplasms
  2 giant cockroaches
  8 goblins
  4 hobgoblins
  2 jackals (D:1)
  2 quokkas
  5 ball pythons
  A frilled lizard (D:2)
  7 kobolds
  4 rats
77 creatures vanquished.

Notes
Turn   | Place    | Note
-------+----------+-------------------------------------------
     0 | D:1      | vvl the Draconian Transmuter began the quest for the Orb.
     0 | D:1      | Reached XP level 1. HP: 16/16 MP: 3/3
   497 | D:1      | Reached XP level 2. HP: 23/23 MP: 3/5
   743 | D:1      | Found a faded altar of an unknown god.
  1116 | D:1      | Reached XP level 3. HP: 27/28 MP: 4/6
  1780 | D:2      | Noticed a black bear
  1786 | D:2      | Killed a black bear
  1787 | D:2      | Reached XP level 4. HP: 12/36 MP: 5/7
  2368 | D:2      | Reached XP level 5. HP: 41/41 MP: 6/8
  2698 | D:3      | Found a glowing golden altar of the Shining One.
  3636 | D:4      | Reached XP level 6. HP: 37/50 MP: 10/10
  3732 | D:4      | Found a staircase to the Ecumenical Temple.
  3849 | Temple   | Entered the Ecumenical Temple
  4286 | Temple   | Became a worshipper of Makhleb the Destroyer
  4512 | D:4      | Noticed Blork the orc
  4520 | D:4      | HP: 3/76 [poisoned by Blork the orc]
  4521 | D:4      | Slain by Blork the orc

Illustrated notes

Levels and vault maps discovered:
D:1:      shiori_arrival_maze, layout_basic, shapermc_ecumenical_altar_gd,
          minmay_tiny_reverse_x
D:2:      layout_basic, nrook_mini_vaults
D:3:      layout_loops_ring, tso_oasis_becter, st_stairs_2
D:4:      minmay_spotlight, layout_rooms, nicolae_overflow_quartered_altars,
          minmay_temple_entry_mist, gammafunk_ghost_nasty_kobolds,
          minmay_misc_feat_more_columns, uniq_blork_the_orc
Temple:   nicolae_temple_figure_eight

Skill      XL: |  1  2  3  4  5  6 |
---------------+-------------------+-----
Dodging        | 2 3 |  3.1
Fighting       | 2 3 |  3.1
Transmutations | 3 4 |  4.5
Unarmed Combat | 4 |  4.2
Spellcasting   | 3 |  3.1

Action                   |  1- 3 |  4- 6 || total
-------------------------+-------+-------++-------
Melee: Unarmed           |    29 |       ||    29
       Kick              |    12 |    38 ||    50
       Headbutt          |     5 |    24 ||    29
       Tailslap          |     2 |    15 ||    17
       Short sword       |    46 |   168 ||   214
       Punch             |     1 |     3 ||     4
       Spear             |       |    11 ||    11
 Cast: Beastly Appendage |    19 |    26 ||    45
  Use: Scroll            |       |     3 ||     3
       Potion            |       |     2 ||     2
 Stab: Sleeping          |     1 |       ||     1
Armor: Skin              |    32 |    63 ||    95
Dodge: Dodged            |    50 |   123 ||   173
